AoeStats
← LA PRESION II

Arabia

510208859Analyzed
1v1 RM · 14h ago on Sep 30, 2026· 24m 1s· 2 players
Game mode
Random Map
Map size
Tiny (2 player)
Population
200
Speed
Normal
Resources
Standard
Victory
Conquest
Starting age
Dark Age
Ending age
Imperial Age
RankedLock teamsTeams togetherTeam positionsShared explorationLock speedFull tech treeHidden civsTurbo modeCheats
Victory
Defeat
🇨🇴 Byzantines · Colombia
884
+16
🇨🇱 Franks · Chile
877
-16
LA PRESION II
0:38 Loom
11:28 Feudal Age
12:23 Man-at-Arms
16:06 Padded Archer Armor
15:56 Fletching
17:25 Wheelbarrow
II.Alejo.II
9:32 Loom
11:17 Feudal Age
12:15 Double-Bit Axe
12:12 Horse Collar
22:23 Castle Age
22:28 Wheelbarrow
22:50 Fletching
23:06 Scale Barding Armor
Connection lost

Rejoining the realm…

Still unreachable

The connection could not be restored.

Session expired

The server has moved on; the page needs a fresh start.